AoeStats
← Ragnar.Guerrero

Oasis

509809422Analyzed
2v2 RM · 2d ago on Sep 28, 2026· 43m 31s· 4 players
Game mode
Random Map
Map size
Medium (4 player)
Population
200
Speed
Normal
Resources
Standard
Victory
Conquest
Starting age
Dark Age
Ending age
Imperial Age
RankedLock teamsTeams togetherTeam positionsShared explorationLock speedFull tech treeHidden civsTurbo modeCheats
Victory
Defeat
🇦🇷 Cumans · Argentina
1203
+14
🇦🇷 Japanese · Argentina
1094
+19
🇫🇷 Magyars · France
1164
-17
🇬🇧 Bohemians · United Kingdom
1152
-16
Ragnar.Guerrero
6:30 Loom
9:12 Feudal Age
9:57 Double-Bit Axe
10:35 Horse Collar
16:05 Wheelbarrow
20:38 Castle Age
19:11 Forging
19:45 Bloodlines
21:38 Bow Saw
21:31 Heavy Plow
22:02 Scale Barding Armor
22:46 Town Watch
23:29 Chain Barding Armor
25:54 Iron Casting
27:51 Gold Mining
27:54 Stone Mining
32:10 Gold Shaft Mining
35:22 Imperial Age
33:07 Hand Cart
35:53 Elite Steppe Lancer
37:24 Conscription
38:17 Coinage
38:27 Plate Barding Armor
40:20 Blast Furnace
40:11 Steppe Husbandry
MESSIAS
9:44 Loom
11:30 Feudal Age
13:21 Wheelbarrow
12:34 Double-Bit Axe
13:53 Town Watch
18:46 Castle Age
17:17 Fletching
24:02 Bow Saw
24:23 Bodkin Arrow
23:54 Crossbowman
25:41 Horse Collar
27:27 Fervor
28:25 Stone Mining
29:26 Thumb Ring
29:58 Heavy Plow
30:35 Sanctity
31:40 Hand Cart
32:59 Ballistics
32:35 Murder Holes
32:54 Fortified Wall
37:56 Imperial Age
35:24 Arson
35:46 Padded Archer Armor
36:12 Gold Mining
36:38 Guard Tower
37:40 Gold Shaft Mining
37:28 Masonry
37:38 Leather Archer Armor
39:53 Bracer
41:00 Chemistry
40:36 Keep
40:59 Conscription
40:41 Yasama
40:29 Arbalester
44:24 Two-Man Saw
[SAPR] Janstonbeats
7:37 Loom
12:21 Feudal Age
13:49 Double-Bit Axe
13:46 Horse Collar
19:11 Castle Age
17:33 Gold Mining
19:02 Scale Barding Armor
20:14 Bloodlines
21:32 Bow Saw
26:22 Chain Barding Armor
27:11 Wheelbarrow
28:33 Husbandry
31:29 Heavy Plow
35:30 Imperial Age
36:45 Gold Shaft Mining
36:42 Conscription
35:47 Cavalier
38:56 Two-Man Saw
38:26 Hand Cart
37:57 Town Watch
38:53 Stone Mining
41:10 Plate Barding Armor
40:16 Paladin
GuptaTheFigher
3:07 Loom
12:16 Feudal Age
19:46 Castle Age
18:36 Double-Bit Axe
22:02 Bow Saw
25:25 Fervor
35:54 Imperial Age
33:10 Town Watch
34:01 Wheelbarrow
36:13 Pikeman
37:41 Masonry
38:11 Halberdier
39:57 Forging
39:39 Fletching
39:51 Scale Mail Armor
Connection lost

Rejoining the realm…

Still unreachable

The connection could not be restored.

Session expired

The server has moved on; the page needs a fresh start.